 Dungeon Crawl Stone Soup version 0.21.1-1-g345015fe64 (webtiles) character file.

60117 Marvel the Severer (level 14, -12/127 HPs)
             Began as a Minotaur Fighter on Feb 18, 2018.
             Was a High Priest of Okawaru.
             Mangled by a deep troll earth mage (23 damage)
             ... on level 1 of the Depths.
             The game lasted 00:59:36 (15271 turns).

Marvel the Severer (Minotaur Fighter)              Turns: 15271, Time: 00:59:36

Health: -12/127    AC: 24    Str: 26    XL:     14   Next: 55%
Magic:  12/16      EV:  9    Int:  5    God:    Okawaru [*****.]
Gold:   729        SH: 23    Dex: 10    Spells: 12/13 levels left

rFire    . . .     SeeInvis .   q - +1 broad axe "Miash" {drain, rElec}
rCold    + . .     Gourm    .   c - +5 shield
rNeg     . . .     Faith    .   m - +1 plate armour
rPois    .         Spirit   .   (helmet restricted)
rElec    +         Reflect  +   E - +2 cloak {MR+}
rCorr    .         Harm     .   v - +0 pair of gloves
MR       ++...                  Y - +2 pair of boots {Fly}
Stlth    ..........             y - +3 amulet of reflection
HPRegen  0.31/turn              F - ring of protection from cold
MPRegen  0.15/turn              (no ring)

@: flying
A: retaliatory headbutt, horns 2
a: Heroism, Finesse, Renounce Religion, Stop Flying


You were on level 1 of the Depths.
You worshipped Okawaru.
Okawaru was extremely pleased with you.
You were not hungry.

You visited 3 branches of the dungeon, and saw 17 of its levels.

You collected 801 gold pieces.
You spent 72 gold pieces at shops.

Inventory:

Hand Weapons
 a - a +1 war axe of flaming
 e - a +5 quick blade
 q - the +1 broad axe "Miash" (weapon) {drain, rElec}
   (Okawaru gifted it to you on level 15 of the Dungeon)

   A truly terrible weapon, it drains the life of those it strikes.
   It insulates you from electricity.
 C - a +2 dagger of speed
 P - a +4 battleaxe
Missiles
 A - 8 curare-tipped needles
Armour
 c - a +5 shield (worn)
 m - a +1 plate armour (worn)
 v - a +0 pair of gloves (worn)
 z - the +1 scale mail of Zoexuv {rC++}
   (Okawaru gifted it to you on level 10 of the Dungeon)

   It greatly protects you from cold.
 E - a +2 cloak of magic resistance (worn)
 V - a +2 robe of positive energy
 W - a +2 troll leather armour {Snorg}
 Y - a +2 pair of boots of flying (worn)
 Z - +0 pearl dragon scales
Magical Staves
 K - an uncursed staff of air {unknown}
Jewellery
 y - a +3 amulet of reflection (around neck)
 F - a ring of protection from cold (left hand)
 M - an uncursed amulet of guardian spirit
Wands
 l - a wand of iceblast (12)
 r - a wand of polymorph (9)
 t - a wand of digging (7)
 B - a wand of flame (56)
 D - a wand of enslavement (7)
 J - a wand of disintegration (18)
 T - a wand of random effects (38)
 X - a wand of paralysis (26)
Scrolls
 b - a scroll of blinking
 g - 9 scrolls of remove curse
 p - 3 scrolls of fog
 s - 6 scrolls of teleportation
 x - 2 scrolls of random uselessness
 G - 3 scrolls of amnesia
 N - a scroll of enchant armour
 S - 4 scrolls of identify
Potions
 d - 3 potions of might
 h - 2 potions of ambrosia
 i - 5 potions of degeneration
 j - 9 potions of curing
 k - 2 potions of magic
 n - 3 potions of haste
 o - 2 potions of flight
 w - 2 potions of brilliance
 O - 2 potions of lignification
 Q - 2 potions of berserk rage
 U - a potion of agility
Books
 u - the Tome of the Glacial Mountains
   (You found it on level 14 of the Dungeon)

   Spells                             Type                      Level
   a - Throw Frost                    Conjuration/Ice              2
   b - Ensorcelled Hibernation        Hexes/Ice                    2
   c - Petrify                        Transmutation/Earth          4
   d - Shatter                        Earth                        9
 H - a book of Air

   Spells                             Type                      Level
   a - Shock                          Conjuration/Air              1
   b - Swiftness                      Charms/Air                   2
   c - Static Discharge               Conjuration/Air              3
   d - Airstrike                      Air                          4
   e - Lightning Bolt                 Conjuration/Air              5
 I - a book of Misfortune

   Spells                             Type                      Level
   a - Confusing Touch                Hexes                        1
   b - Confuse                        Hexes                        3
   c - Gell's Gravitas                Translocation                3
   d - Petrify                        Transmutation/Earth          4
   e - Metabolic Englaciation         Hexes/Ice                    5
   f - Yara's Violent Unravelling     Hexes/Transmutation          5
Comestibles
 f - 20 rations


   Skills:
 + Level 12.5 Fighting
 + Level 17.5 Axes
 + Level 11.6 Armour
 + Level 3.1 Dodging
 + Level 1.4 Stealth
 + Level 16.5 Shields
 + Level 4.5 Invocations
 + Level 1.6 Evocations


You had 12 spell levels left.
You knew the following spells:

 Your Spells              Type           Power        Failure   Level  Hunger
a - Confusing Touch       Hex            #.....       99%         1    ##.....


Dungeon Overview and Level Annotations

Branches:
Dungeon (15/15)            Temple (1/1) D:7             Orc (0/2) D:10
 Vaults (0/5) D:14         Depths (1/5) D:15
   Lair: D:8-11

Altars:
Ashenzari
Cheibriados
Dithmenos
Elyvilon
Fedhas
Gozag
Hepliaklqana
Kikubaaqudgha
Makhleb
Nemelex Xobeh
Okawaru
Qazlal
Ru
Sif Muna
Trog
Uskayaw
Vehumet
Wu Jian
Xom
Yredelemnul
Zin
The Shining One

Shops:
D:10 *

Portals:
Trove: D:10 (show abyssal rune of Zot)

Annotations:
D:8 exclusion: electric eel


Innate Abilities, Weirdness & Mutations

You reflexively headbutt those who attack you in melee.
You have a pair of horns on your head.


Message History

The lich seems to speed up.
The deep troll shaman calls upon its god to strengthen the deep troll.
The deep troll seems to grow stronger.
Some rock shatters into small pieces.
You feel like a meek peon again. The deep troll earth mage bites you!!
* * * LOW HITPOINT WARNING * * *
The deep troll earth mage claws you but does no damage.
You block the deep troll earth mage's attack.
The fire dragon seems less drained.
The deep troll shaman calls upon its god to strengthen the deep troll earth mage.
The deep troll earth mage seems to grow stronger.
The fire dragon breathes flames at you. The blast of flame hits you!
* * * LOW HITPOINT WARNING * * *
You block the deep troll earth mage's attack. x3
Your hands slow down.
The deep troll earth mage is engulfed in a cloud of scalding steam.
The deep troll earth mage bites you!!
You die...

......##........# #.......## #
(......#........# #........####
...(............# #........^.##
T.#c.....÷.L....# #....####....
..#...T#........# #..###..###..
..#...#.........## #.##......##.
..#......c..DT...## #....)##.....
..#......≈≈≈≈CTTT.###....####....
..#....≈≈#####≈≈@..#....)####....
..#...≈≈## ##≈≈..#......##.....
..###.≈# ##≈.##..##......##.
..#...≈ #≈.##...###..###.. ..#...
##≈..#.....####.... ..#
##≈≈..##.((......... ..#
#≈≈......#'###...... ..#
≈≈≈............#......
..........#.....#......


You could see a fire dragon, a lich, an ettin, 2 deep troll earth magi, 2 deep
troll shamans and a yaktaur.

Vanquished Creatures
  A pearl dragon (Depths:1)
  A frost giant (D:15)
  A stone giant (Depths:1)
  4 very ugly things (Depths:1)
  Snorg (D:14)
  2 fire dragons
  A yaktaur captain (Depths:1)
  A great orb of eyes (D:14)
  3 hydras
  A rakshasa (D:15)
  9 centaur warriors
  A death knight (D:12)
  2 dancing weapons (D:14)
  4 tengu warriors (D:15)
  9 two-headed ogres
  The ghost of Marvel the Impaler, a novice MfBe of Trog (D:9)
  An ogre mage (D:15)
  An unseen horror (D:15)
  A salamander (shapeshifter) (D:13)
  A deep elf mage (D:13)
  10 ugly things
  2 slime creatures (Depths:1)
  Maurice (D:8)
  A cyclops (D:12)
  A manticore (D:11)
  2 centaur zombies
  Joseph (D:7)
  A guardian serpent (D:12)
  A guardian serpent (shapeshifter) (D:14)
  A spiny frog (shapeshifter) (D:10)
  A gargoyle (D:12)
  An efreet (D:15)
  A yaktaur (D:15)
  2 komodo dragons
  5 tengu conjurers
  4 trolls
  A freezing wraith (D:12)
  Prince Ribbit (D:7)
  9 hippogriffs
  A blink frog (D:7)
  A centaur simulacrum (D:15)
  2 wraiths (D:12)
  A vampire (D:10)
  2 shadows
  9 yaks (D:10)
  A hungry ghost (D:9)
  4 vampire mosquitoes (D:13)
  The ghost of BrokenGlass the Insei, an amateur OpFi (D:5)
  4 sky beasts
  3 black bears
  3 orc warriors
  3 necrophages
  6 ice beasts
  9 ogres
  5 boggarts
  2 phantoms
  3 wolves (D:8)
  An eye of draining (D:14)
  8 centaurs
  A big kobold (D:9)
  10 bullfrogs
  3 scorpions
  15 killer bees
  22 wights
  2 electric eels (D:14)
  5 howler monkeys
  2 bullfrog zombies
  8 crimson imps
  A quasit (D:12)
  5 orc priests
  11 hounds
  3 jellies
  Crazy Yiuf (D:7)
  5 centaur skeletons
  Ijyb (D:5)
  3 iguanas
  9 orc wizards
  11 worker ants
  A killer bee zombie (D:8)
  A hound zombie (D:8)
  A howler monkey skeleton (D:10)
  15 adders
  4 shadow imps
  2 oozes
  An adder skeleton (D:4)
  A dart slug (D:4)
  4 leopard geckos
  32 orcs
  A ball python (D:4)
  7 bats
  7 giant cockroaches
  4 goblins
  4 hobgoblins
  11 jackals
  5 quokkas
  4 frilled lizards
  10 kobolds
  2 quokka skeletons
  A quokka zombie (D:5)
  2 rats
  3 plants (D:14)
402 creatures vanquished.

Vanquished Creatures (others)
  An unseen horror (D:15)
  2 yaktaurs (Depths:1)
  4 centaurs
  An orc (D:11)
  3 plants
11 creatures vanquished.

Grand Total: 413 creatures vanquished

Notes
Turn   | Place    | Note
-------+----------+-------------------------------------------
     0 | D:1      | Marvel the Minotaur Fighter began the quest for the Orb.
     0 | D:1      | Reached XP level 1. HP: 19/19 MP: 0/0
   113 | D:1      | Reached XP level 2. HP: 27/27 MP: 1/1
   811 | D:2      | Reached XP level 3. HP: 33/33 MP: 2/2
  1399 | D:3      | Found a hazy altar of Hepliaklqana.
  1400 | D:3      | Reached skill level 3 in Axes
  1415 | D:3      | Reached XP level 4. HP: 17/40 MP: 3/3
  2320 | D:3      | Found a snail-covered altar of Cheibriados.
  2546 | D:4      | Reached skill level 4 in Axes
  2546 | D:4      | Reached XP level 5. HP: 46/47 MP: 4/4
  2560 | D:4      | Noticed an ogre
  2568 | D:4      | Killed an ogre
  2568 | D:4      | Reached skill level 5 in Shields
  2748 | D:4      | Reached skill level 5 in Armour
  2766 | D:4      | Noticed an ogre
  2776 | D:4      | Killed an ogre
  2776 | D:4      | Reached skill level 5 in Axes
  2776 | D:4      | Reached XP level 6. HP: 10/53 MP: 5/5
  3454 | D:5      | Entered Level 5 of the Dungeon
  3462 | D:5      | Noticed BrokenGlass's ghost (amateur OpFi)
  3480 | D:5      | Killed BrokenGlass's ghost
  3480 | D:5      | Reached skill level 6 in Axes
  3480 | D:5      | Reached XP level 7. HP: 40/60 MP: 6/6
  3524 | D:5      | Reached skill level 5 in Fighting
  3753 | D:5      | You fall through a shaft for 2 floors!
  3860 | D:7      | Noticed a hornet
  3927 | D:7      | Noticed Joseph
  4020 | D:7      | Killed Joseph
  4020 | D:7      | Reached skill level 7 in Axes
  4020 | D:7      | Reached XP level 8. HP: 59/70 MP: 7/7
  4104 | D:7      | Reached skill level 8 in Axes
  4109 | D:7      | Found a staircase to the Ecumenical Temple.
  4119 | D:7      | Noticed Prince Ribbit
  4125 | Temple   | Entered the Ecumenical Temple
  4216 | Temple   | Became a worshipper of Warmaster Okawaru
  4435 | D:7      | Killed Prince Ribbit
  4553 | D:7      | Found a runed door.
  4557 | D:7      | Noticed Crazy Yiuf
  4561 | D:7      | Killed Crazy Yiuf
  4753 | D:7      | Noticed a blink frog
  4753 | D:7      | a hornet changed into a blink frog
  4773 | D:7      | Killed a blink frog
  4773 | D:7      | Reached skill level 9 in Axes
  4865 | D:6      | Reached * piety under Okawaru
  4870 | D:6      | Reached XP level 9. HP: 75/75 MP: 5/8
  5539 | D:5      | Noticed Ijyb
  5542 | D:5      | Killed Ijyb
  5862 | D:8      | Found a shadowy altar of Dithmenos.
  5936 | D:8      | Noticed a troll
  5940 | D:8      | Reached skill level 10 in Axes
  5947 | D:8      | Killed a troll
  5947 | D:8      | Reached ** piety under Okawaru
  6421 | D:8      | Noticed Maurice
  6527 | D:8      | Found an ancient bone altar of Kikubaaqudgha.
  6532 | D:8      | Killed Maurice
  6532 | D:8      | Reached XP level 10. HP: 86/86 MP: 7/9
  6561 | D:8      | Reached skill level 11 in Axes
  6561 | D:8      | Reached skill level 10 in Shields
  6977 | D:9      | Reached *** piety under Okawaru
  7198 | D:9      | Noticed Marvel's ghost (novice MfBe)
  7221 | D:9      | Killed Marvel's ghost
  7533 | D:9      | Found a burning altar of Makhleb.
  7535 | D:9      | Found a white marble altar of Elyvilon.
  7537 | D:9      | Found a stormy altar of Qazlal.
  7723 | D:9      | Reached skill level 12 in Axes
  7828 | D:10     | Entered Level 10 of the Dungeon
  7918 | D:10     | Found a portal to a secret trove of treasure.
  8241 | D:10     | Found Holugoo's Assorted Antiques.
  8243 | D:10     | Found a staircase to the Orcish Mines.
  8254 | D:10     | Bought a scroll labeled DONLISMO GEMA for 26 gold pieces
  8254 | D:10     | Bought a bubbling golden potion for 23 gold pieces
  8254 | D:10     | Bought a ruby potion for 23 gold pieces
  8305 | D:10     | Reached **** piety under Okawaru
  8334 | D:10     | Reached XP level 11. HP: 91/93 MP: 6/10
  8422 | D:10     | Noticed a two-headed ogre
  8455 | D:10     | Killed a two-headed ogre
  8455 | D:10     | Reached skill level 1 in Invocations
  8480 | D:10     | Reached skill level 1 in Evocations
  8489 | D:10     | Reached skill level 13 in Axes
  8519 | D:10     | Reached ***** piety under Okawaru
  8577 | D:10     | Noticed a centaur warrior
  8594 | D:10     | Killed a centaur warrior
  8594 | D:10     | Received a gift from Okawaru
  8595 | D:10     | Got an ancient scale mail {god gift}
  8606 | D:10     | Identified the +1 scale mail of Zoexuv {rC++} (Okawaru gifted it to you on level 10 of the Dungeon)
  8961 | D:11     | Found a shattered altar of Ashenzari.
  8971 | D:11     | Noticed a purple ugly thing
  8986 | D:11     | Killed a purple ugly thing
  9380 | D:11     | Reached skill level 1 in Dodging
  9560 | D:11     | Noticed a cyan ugly thing
  9578 | D:11     | Killed a cyan ugly thing
  9745 | D:11     | You fall through a shaft!
  9751 | D:12     | Noticed a brown ugly thing
  9761 | D:12     | Killed a brown ugly thing
  9797 | D:12     | Noticed a green ugly thing
  9804 | D:12     | Noticed a cyan ugly thing
  9809 | D:12     | Killed a green ugly thing
  9822 | D:12     | Killed a cyan ugly thing
  9831 | D:12     | Noticed a two-headed ogre
  9843 | D:13     | Reached skill level 14 in Axes
  9843 | D:13     | Reached XP level 12. HP: 47/104 MP: 8/12
 10058 | D:12     | Noticed a death knight
 10073 | D:12     | Killed a death knight
 10430 | D:12     | Noticed a two-headed ogre
 10440 | D:12     | Killed a two-headed ogre
 10492 | D:12     | Killed a two-headed ogre
 10656 | D:12     | Learned a level 1 spell: Confusing Touch
 11131 | D:13     | Noticed a centaur warrior
 11142 | D:13     | Killed a centaur warrior
 11142 | D:13     | Reached skill level 10 in Fighting
 11404 | D:13     | Noticed a centaur warrior
 11404 | D:13     | Noticed a centaur warrior
 11416 | D:13     | Killed a centaur warrior
 11416 | D:13     | Received a gift from Okawaru
 11416 | D:13     | Reached skill level 10 in Armour
 11425 | D:13     | Killed a centaur warrior
 11425 | D:13     | Reached skill level 15 in Axes
 11615 | D:13     | Noticed a two-headed ogre
 11625 | D:13     | Killed a two-headed ogre
 11645 | D:13     | Noticed a two-headed ogre
 11654 | D:13     | Killed a two-headed ogre
 11787 | D:14     | Noticed a four-headed hydra
 11787 | D:14     | Noticed a centaur warrior
 11790 | D:14     | Noticed a great orb of eyes
 11790 | D:14     | Noticed an eight-headed hydra
 11842 | D:13     | Killed a one-headed hydra
 11985 | D:14     | Killed a great orb of eyes
 11987 | D:14     | Killed a three-headed hydra
 11987 | D:14     | Reached XP level 13. HP: 61/114 MP: 11/14
 12263 | D:14     | Identified the Tome of the Glacial Mountains
 12350 | D:14     | Received a gift from Okawaru
 12359 | D:14     | Found a gate to the Vaults.
 12388 | D:14     | Noticed Snorg
 12398 | D:14     | Killed Snorg
 12500 | D:14     | Reached skill level 16 in Axes
 12509 | D:14     | Reached ****** piety under Okawaru
 12872 | D:15     | Entered Level 15 of the Dungeon
 12912 | D:15     | Reached skill level 15 in Shields
 12925 | D:15     | Found a stormy altar of Qazlal.
 13317 | D:15     | Noticed a fire dragon
 13845 | D:15     | Received a gift from Okawaru
 13846 | D:15     | Got an iridescent broad axe {god gift}
 13847 | D:15     | Identified the +1 broad axe "Miash" {drain, rElec} (Okawaru gifted it to you on level 15 of the Dungeon)
 13897 | D:15     | Killed a fire dragon
 14443 | D:15     | Reached XP level 14. HP: 110/125 MP: 15/15
 14563 | D:15     | Found a sacrificial altar of Ru.
 14614 | D:15     | Found a staircase to the Depths.
 14614 | D:15     | Noticed a frost giant
 14621 | D:15     | Killed a frost giant
 14621 | D:15     | Reached skill level 1 in Stealth
 14633 | Depths:1 | Entered Level 1 of the Depths
 14652 | Depths:1 | Noticed a stone giant
 14727 | Depths:1 | Reached skill level 17 in Axes
 14828 | Depths:1 | Noticed a stone giant
 14856 | Depths:1 | Killed a stone giant
 14874 | Depths:1 | Noticed a pearl dragon
 14886 | Depths:1 | Killed a pearl dragon
 14886 | Depths:1 | Received a gift from Okawaru
 15180 | Depths:1 | Noticed a cyan very ugly thing
 15180 | Depths:1 | Noticed a cyan very ugly thing
 15181 | Depths:1 | Noticed a cyan very ugly thing
 15183 | Depths:1 | Noticed a cyan very ugly thing
 15191 | Depths:1 | Killed a cyan very ugly thing
 15191 | Depths:1 | Killed a cyan very ugly thing
 15198 | Depths:1 | Killed a cyan very ugly thing
 15211 | Depths:1 | Killed a red very ugly thing
 15254 | Depths:1 | Noticed a lich
 15271 | Depths:1 | Mangled by a deep troll earth mage

Skill      XL: |  1  2  3  4  5  6  7  8  9 10 11 12 13 14 |
---------------+-------------------------------------------+-----
Armour         | 4 5 6 8 9 10 11 | 11.6
Fighting       | 4 5 6 7 9 10 11 12 | 12.5
Shields        | 4 5 7 8 9 11 13 14 15 16 | 16.5
Axes           | 3 4 5 6 7 9 10 12 14 15 16 17 | 17.5
Invocations    | 2 3 4 |  4.5
Evocations     | 1 |  1.6
Dodging        | 2 3 |  3.1
Stealth        | 1 |  1.4

Action                   |  1- 3 |  4- 6 |  7- 9 | 10-12 | 13-15 || total
-------------------------+-------+-------+-------+-------+-------++-------
Melee: War axe           |    93 |   124 |   335 |   678 |   208 ||  1438
       Headbutt          |     9 |    17 |    51 |   140 |    93 ||   310
       Broad axe         |       |       |       |       |   148 ||   148
Invok: Heroism           |       |       |     5 |    25 |    17 ||    47
       Finesse           |       |       |       |       |     5 ||     5
Evoke: Wand              |       |     2 |     5 |     6 |       ||    13
  Use: Scroll            |       |     8 |     7 |    17 |     7 ||    39
       Potion            |       |       |       |     1 |     3 ||     4
 Stab: Invisible         |       |       |       |       |     1 ||     1
       Distracted        |       |       |       |       |     1 ||     1
  Eat: Chunk             |     1 |     5 |     2 |     5 |       ||    13
       Ration            |       |     1 |     2 |     6 |     3 ||    12
Armor: Scale mail        |    14 |       |       |    46 |       ||    60
       Plate armour      |    47 |    72 |   123 |    98 |   146 ||   486
       Skin              |       |       |     3 |       |       ||     3
Dodge: Dodged            |    17 |    22 |    38 |   120 |    66 ||   263
Block: Shield            |    57 |    88 |   263 |   575 |   338 ||  1321
       Reflection        |       |       |     9 |    21 |    37 ||    67
